 Dungeon Crawl Stone Soup version 0.17.0-28-g6e173f8 (webtiles) character file.

136 Ijustatesigmund the Conjurer (level 4, 0/30 HPs)
             Began as a Demonspawn Wizard on Dec 2, 2015.
             Slain by an orc
             ... wielding a +0 short sword
              (3 damage)
             ... on level 2 of the Dungeon.
             The game lasted 00:10:00 (3215 turns).

Ijustatesigmund the Conjurer (Demonspawn Wizard)    Turns: 3215, Time: 00:10:00

Health: 0/30       AC:  3    Str:  7    XL:     4   Next: 98%
Magic:  2/8        EV: 12    Int: 24    God:
Gold:   129        SH:  0    Dex: 12    Spells: 4 memorised, 1 level left

rFire  . . .     SeeInvis .     e - +1 dagger (speed)
rCold  . . .     Clarity  .     a - +0 robe
rNeg   . . .     SustAt   .     (no shield)
rPois  .         Gourm    .     k - +0 helmet
rElec  .         Spirit   .     (no cloak)
rCorr  .         Warding  .     (no gloves)
rMut   .         Stasis   .     (no boots)
MR     .....                    (no amulet)
Stlth  ++........               (no ring)
                                l - +4 ring of intelligence

@: not resistant to hostile enchantments, unstealthy
A: rot immunity
a: no special abilities


You were on level 2 of the Dungeon.
You were not hungry.

You visited 1 branch of the dungeon, and saw 3 of its levels.

You collected 129 gold pieces.

Inventory:

Hand Weapons
 e - a +1 dagger of speed (weapon)
Armour
 a - a +0 robe (worn)
 b - a +0 hat
 k - a +0 helmet (worn)
Jewellery
 l - a +4 ring of intelligence (left hand)
Scrolls
 f - a scroll of immolation
Potions
 g - a potion of degeneration {unknown}
 h - a potion of curing
 i - 2 potions of haste {unknown}
 m - a potion of brilliance {unknown}
 n - a potion of cure mutation {unknown}
Books
 c - a book of Minor Magic

   Spells                             Type                      Level
   a - Magic Dart                     Conjuration                  1
   b - Blink                          Translocation                2
   c - Call Imp                       Summoning                    2
   d - Repel Missiles                 Charms/Air                   2
   e - Slow                           Hexes                        2
   f - Conjure Flame                  Conjuration/Fire             3
   g - Mephitic Cloud                 Conjuration/Poison/Air       3
Comestibles
 d - 3 bread rations


   Skills:
 - Level 1.7 Dodging
 - Level 1.7 Stealth
 - Level 3.0 Spellcasting
 + Level 3.5 Conjurations
   Level 1.0 Summonings
 + Level 1.7 Translocations
 + Level 1.3 Air Magic
 + Level 1.7 Poison Magic


You had one spell level left.
You knew the following spells:

 Your Spells              Type           Power        Failure   Level  Hunger
a - Magic Dart            Conj           ###.         2%          1    None
b - Blink                 Tloc           N/A          10%         2    ##.....
c - Repel Missiles        Chrm/Air       #.....       14%         2    ##.....
d - Mephitic Cloud        Conj/Pois/Air  ##......     17%         3    ###....


Dungeon Overview and Level Annotations

Branches:
Dungeon (3/15)

Altars:
Gozag


Innate Abilities, Weirdness & Mutations

You are immune to rotting.


Message History

The orc is heavily wounded.
The orc hits you with a short sword.
* * * LOW HITPOINT WARNING * * *
Casting: Magic Dart
Confirm with . or Enter, or press ? or * to list all spells.
Aiming: Magic Dart
Press: ? - help, Shift-Dir - straight line, f/p - orc
Aim: an orc, wielding a short sword and wearing a leather armour (heavily wounded)
The magic dart hits the orc.
The orc is severely wounded.
The orc hits you but does no damage.
Casting: Magic Dart
Confirm with . or Enter, or press ? or * to list all spells.
Aiming: Magic Dart
Press: ? - help, Shift-Dir - straight line, f/p - orc
Aim: an orc, wielding a short sword and wearing a leather armour (severely wounded)
The magic dart hits the orc.
The orc is severely wounded.
The orc hits you with a short sword.
You die...

### ##.....## #.### ##
##...## #.# .# ##'##
#.##### .# #(# #.....# .#
#)# #####.# .# ##.## #.#
.#########...## #.#
.†...÷÷.#.....#########.#
###.....#.>...go@.......#
#...........###########
#.....#.....#
#.....#.....#
#########.### #########.#
#.......#.# #.#####.#.##
#.#........#


You could see an orc and a hobgoblin.

Vanquished Creatures
  Ijyb (D:2)
  3 adders (D:2)
  3 worms
  A giant gecko (D:2)
  An orc (D:3)
  7 bats
  4 giant cockroaches
  6 hobgoblins
  9 kobolds
  2 quokkas (D:2)
  7 giant newts
  11 goblins
  6 jackals (D:2)
  11 rats
72 creatures vanquished.

Notes
Turn   | Place    | Note
--------------------------------------------------------------
     0 | D:1      | Ijustatesigmund the Demonspawn Wizard began the quest for the Orb.
     0 | D:1      | Reached XP level 1. HP: 13/13 MP: 4/4
   268 | D:1      | Gained mutation: You are immune to rotting. [demonic ancestry]
   268 | D:1      | Reached XP level 2. HP: 13/19 MP: 0/6
  1295 | D:2      | Reached XP level 3. HP: 24/24 MP: 3/7
  1318 | D:2      | Learned a level 2 spell: Blink
  1321 | D:2      | Learned a level 2 spell: Repel Missiles
  1325 | D:2      | Learned a level 3 spell: Mephitic Cloud
  1343 | D:2      | Reached skill level 1 in Translocations
  1956 | D:2      | Reached skill level 1 in Air Magic
  2029 | D:2      | Reached XP level 4. HP: 25/30 MP: 0/8
  2363 | D:2      | Reached skill level 1 in Poison Magic
  2421 | D:2      | Found an opulent altar of Gozag.
  2678 | D:2      | Noticed Ijyb
  2785 | D:2      | Killed Ijyb
  3215 | D:2      | Slain by an orc

Action                   |  1- 3 |  4- 6 || total
-------------------------+-------+-------++-------
Melee: Dagger            |    59 |    45 ||   104
 Cast: Magic Dart        |    95 |    58 ||   153
       Repel Missiles    |     1 |       ||     1
       Mephitic Cloud    |       |     3 ||     3
  Use: Scroll            |     2 |     3 ||     5
 Stab: Confused          |       |     3 ||     3
       Sleeping          |       |     1 ||     1
  Eat: Chunk             |     3 |     4 ||     7
